 Dungeon Crawl Stone Soup version 0.27-a0-637-g3a9f0a9c12 (webtiles) character file.

Game seed: 4240030620430090845

179 EnegeticOcto the Twirler (level 5, -2/34 HPs)
             Began as a Halfling Gladiator on Mar 14, 2021.
             Was a Believer of Cheibriados.
             Killed by nerve-wracking pain
             ... invoked by an orc priest
              (8 damage)
             ... on level 3 of the Dungeon.
             The game lasted 00:04:13 (801 turns).

EnegeticOcto the Twirler (Halfling Gladiator)        Turns: 801, Time: 00:04:14

Health: -2/34      AC:  9    Str: 19    XL:     5   Next: 90%
Magic:  5/5        EV: 11    Int: 11    God:    Cheibriados [**....]
Gold:   106        SH:  0    Dex: 20    Spells: 4/4 levels left

rFire    . . .     SeeInvis .   a - +0 quarterstaff
rCold    . . .     Faith    .   (shield currently unavailable)
rNeg     . . .     Spirit   .   l - +0 chain mail
rPois    .         Reflect  .   c - +0 helmet
rElec    .         Harm     .   (no cloak)
rCorr    .         Rampage  .   (no gloves)
Will     .....                  (no boots)
Stlth    ..........             (no amulet)
HPRegen  0.11/turn              (no ring)
MPRegen  0.09/turn              (no ring)

@: very slow
A: small, no large weapons, mutation resistance 1
a: Renounce Religion, Bend Time


You were on level 3 of the Dungeon.
You worshipped Cheibriados.
Cheibriados was pleased with you.
You visited 1 branch of the dungeon, and saw 3 of its levels.

You collected 106 gold pieces.

Inventory:

Hand Weapons
 a - a +0 quarterstaff (weapon)
Missiles
 d - 2 throwing nets (quivered) {!f}
Armour
 b - a +0 leather armour
 c - a +0 helmet (worn)
 l - a +0 chain mail (worn)
   (You found it on level 3 of the Dungeon)
Scrolls
 e - 2 scrolls of identify {unknown}
 f - a scroll of enchant armour {unknown}
 g - a scroll of amnesia {unknown}
 h - a scroll of fear {unknown}
 i - a scroll of enchant weapon {unknown}
 k - a scroll of teleportation {unknown}


   Skills:
 + Level 2.2 Fighting
 - Level 4.7 Staves
 - Level 2.0 Throwing
 - Level 3.2 Dodging
 + Level 1.0 Invocations


You had 4 spell levels left.
You didn't know any spells.
Your spell library was empty.

Dungeon Overview and Level Annotations

Branches:
Dungeon (3/15)

Altars:
Cheibriados
Uskayaw


Innate Abilities, Weirdness & Mutations

You are small and have problems with some larger weapons.
You are somewhat resistant to further mutation.


Message History

You see here a +0 club.
You see here a +0 chain mail.
You start removing your armour.
You continue taking off your +0 leather armour. x4
You finish taking off your +0 leather armour.
You start putting on your armour.
You continue putting on your +0 chain mail. x5
You finish putting on your +0 chain mail.
A bat comes into view.
The bat hits you but does no damage.
You hit the bat.
The bat is moderately wounded.
The bat barely misses you. The bat barely misses you.
The bat hits you but does no damage.
You closely miss the bat.
The bat is moderately wounded.
The bat closely misses you. The bat closely misses you.
You sock the bat!
You kill the bat!
Cheibriados thoroughly appreciates the change of pace.
A rat comes into view.
Found a scroll labelled ZYIBOBOFIKH.
You sock the rat!
You kill the rat!
Cheibriados appreciates the change of pace.
Training target 2.0 for Fighting reached!
Your Fighting skill increases to level 2!
You need to enable at least one skill for training.
Found 21 stones.
Found a stone staircase leading down.
e - 2 scrolls labelled ZYIBOBOFIKH (gained 1)
You see here 21 stones.
Found a robe.
Found 4 gold pieces and a scroll labelled ZYIBOBOFIKH.
A hobgoblin comes into view. It is wielding a +0 club.
The hobgoblin shouts!
An orc priest comes into view.
The orc priest moves out of view.
The orc priest shouts!
You hear a shout!
An orc priest comes into view. It is wielding a +0 flail.
An orc comes into view.
An orc comes into view. It is wielding a +0 falchion.
An orc comes into view. It is wielding a +0 hand axe.
The orc shouts! x2
An orc comes into view. It is wielding a +0 dagger.
It was a potion of magic.
Magic courses through your body. The hobgoblin misses you.
The orc priest barely misses you. x2
You hit the orc.
The orc is heavily wounded.
The hobgoblin hits you but does no damage.
The orc priest mumbles some strange prayers to Beogh against you.
Beogh smites you! The orc barely misses you.
You hear a shout!
You sock the orc priest!
The orc priest is severely wounded.
The hobgoblin hits you but does no damage.
The orc priest miscasts a cantrip.
The orc hits you but does no damage.
You closely miss the orc priest.
The orc priest is severely wounded.
The hobgoblin barely misses you.
A ball python comes into view.
The orc completely misses you.
The ball python hisses angrily.
You hit the orc but do no damage.
The orc is heavily wounded.
The hobgoblin closely misses you. The orc barely misses you.
You hit the orc.
You kill the orc!
Cheibriados thoroughly appreciates the change of pace.
The hobgoblin barely misses you.
The orc priest calls upon Beogh to heal the orc priest.
The orc priest is healed somewhat.
Your chain mail prevents you from hitting the orc priest.
The orc priest is heavily wounded.
The hobgoblin misses you. The orc barely misses you.
The orc priest invokes the aid of Beogh against you.
Beogh smites you!
* * * LOW HITPOINT WARNING * * *
You sock the orc priest!
You kill the orc priest!
Cheibriados thoroughly appreciates the change of pace.
The hobgoblin barely misses you. The orc hits you but does no damage.
The orc priest mumbles some strange prayers to Beogh against you.
Pain shoots through your body!
* * * LOW HITPOINT WARNING * * *
Your Invocations skill increases to level 1!
You hit the orc priest.
The orc priest is moderately wounded.
The hobgoblin hits you with a +0 club.
* * * LOW HITPOINT WARNING * * *
The orc hits you but does no damage. The orc closely misses you.
You sock the orc priest!
The orc priest is almost dead.
The hobgoblin misses you. The orc hits you but does no damage.
The orc priest mumbles some strange prayers to Beogh against you.
Pain shoots through your body!
You die...

######...............
#....................
#........##........##
#........##........#
#........###########
#.[......#
#........####
#...og.......
#...@oo.......
#.?.oS........
#....##.##.... ######
..##... ...#... .o.#
o.#


You could see an orc priest, 3 orcs, a hobgoblin and a ball python.

Vanquished Creatures
  An ogre (D:2)
  An orc priest (D:3)
  2 adders (D:2)
  2 worms (D:2)
  3 dart slugs
  An orc (D:3)
  4 bats
  2 giant cockroaches (D:2)
  A goblin (D:1)
  5 hobgoblins
  3 jackals (D:1)
  A quokka (D:2)
  A ball python (D:1)
  3 frilled lizards
  A kobold (D:3)
  6 rats
37 creatures vanquished.

Notes
Turn   | Place    | Note
-------+----------+-------------------------------------------
     0 | D:1      | EnegeticOcto the Halfling Gladiator began the quest for the
                  | Orb.
     0 | D:1      | Reached XP level 1. HP: 14/14 MP: 1/1
   103 | D:1      | Reached XP level 2. HP: 15/19 MP: 2/2
   149 | D:1      | Reached skill level 3 in Staves
   297 | D:2      | Found a faded altar of an unknown god.
   303 | D:2      | Became a worshipper of Cheibriados the Contemplative
   303 | D:2      | Reached * piety under Cheibriados
   340 | D:2      | Reached XP level 3. HP: 24/24 MP: 3/3
   562 | D:2      | Reached XP level 4. HP: 7/29 MP: 4/4
   586 | D:2      | Noticed a +0 hand axe
   587 | D:2      | Noticed a +0 dagger
   590 | D:2      | Found a hide-covered altar of Uskayaw.
   595 | D:2      | Noticed an ogre
   604 | D:2      | Killed an ogre
   605 | D:2      | Reached skill level 4 in Staves
   605 | D:2      | Reached XP level 5. HP: 15/34 MP: 5/5
   675 | D:3      | Reached ** piety under Cheibriados
   747 | D:3      | Reached skill level 2 in Fighting
   800 | D:3      | Reached skill level 1 in Invocations
   801 | D:3      | Killed from afar by an orc priest

Illustrated notes

Levels and vault maps discovered:
D:1:      tarquinn_simple_flora_water_a, layout_rooms, serial_bayou_lagoon_a
D:2:      minmay_inner_zag, layout_loops_ring, dancing_weapons_uskayaw,
          chequers_ecumenical_altar_simple
D:3:      layout_basic, marbit_many_paths

Skill      XL: |  1  2  3  4  5 |
---------------+----------------+-----
Staves         | 3 4 |  4.7
Fighting       | 2 |  2.2
Invocations    | 1 |  1.0
Throwing       | |  2.0
Dodging        | |  3.2

Action                   |  1- 3 |  4- 6 || total
-------------------------+-------+-------++-------
Melee: Quarterstaff      |    78 |    30 ||   108
Throw: Throwing net      |       |     1 ||     1
  Use: Potion            |       |     2 ||     2
 Stab: Sleeping          |     2 |     1 ||     3
       Held in net/web   |       |     1 ||     1
Armor: Leather armour    |    14 |     1 ||    15
       Chain mail        |       |     8 ||     8
Dodge: Dodged            |    69 |    27 ||    96

Table legend: (Time is in decaauts)
 A = Elapsed time spent in this place.
 B = Non-inter-level travel time spent in this place.
 C = Inter-level travel time spent in this place.
 D = Time resting spent in this place.
 E = Time spent auto-exploring this place.
 F = Levels seen in this place.
 G = Mean time per level.
                   A        B        C        D        E       F      G
               +--------+--------+--------+--------+--------+-----+--------+
         Total |    981 |    961 |     20 |      0 |      0 |   3 |  327.0 |
       Dungeon |    981 |    961 |     20 |      0 |      0 |   3 |  327.0 |
               +--------+--------+--------+--------+--------+-----+--------+

Top non-repeatable levels by time:
     D:2: 434 daAuts
     D:1: 294 daAuts
     D:3: 252 daAuts
